 Dungeon Crawl Stone Soup version 0.27-a0-346-ga689d4a613 (webtiles) character file.

Game seed: 7862389204972306608

11340 jestyr24 the Thaumaturge (level 11, -8/56 HPs)
             Began as a Deep Elf Conjurer on Feb 15, 2021.
             Was a Believer of Sif Muna.
             Mangled by a cyan ugly thing (14 damage)
             ... on level 11 of the Dungeon.
             The game lasted 01:10:54 (13606 turns).

jestyr24 the Thaumaturge (Deep Elf Conjurer)       Turns: 13606, Time: 01:10:56

Health: -8/56      AC:  8    Str:  2    XL:     11   Next: 48%
Magic:  18/31      EV: 16    Int: 27    God:    Sif Muna [**....]
Gold:   777        SH:  4    Dex: 15    Spells: 31/38 levels left

rFire    . . .     SeeInvis +   K - +4 long sword
rCold    . . .     Faith    .   (no shield)
rNeg     . . .     Spirit   .   a - +0 robe
rPois    .         Reflect  .   (no helmet)
rElec    .         Harm     .   s - +1 cloak
rCorr    .         Rampage  .   (no gloves)
Will     +....                  t - +1 pair of boots
Stlth    ++++......             I - amulet of magic regeneration
HPRegen  0.18/turn              m - ring of see invisible
MPRegen  0.47/turn              N - ring of wizardry

@: no status effects
A: large bone plates 1, thin metallic scales 1, thin skeletal structure 1, weak
1
a: Renounce Religion, Channel Magic


You were on level 11 of the Dungeon.
You worshipped Sif Muna.
Sif Muna was pleased with you.
You visited 2 branches of the dungeon, and saw 12 of its levels.

You collected 777 gold pieces.

Inventory:

Hand Weapons
 c - a +0 dagger
 r - a +0 rapier
 B - a +2 quarterstaff of chaos
 K - a +4 long sword (weapon)
 M - a +5 short sword
Missiles
 w - 6 curare-tipped darts
 D - 6 silver javelins
 L - 7 javelins
 P - 7 atropa-tipped darts
Armour
 a - a +0 robe (worn)
 s - a +1 cloak (worn)
 t - a +1 pair of boots (worn)
 u - a +3 leather armour of willpower
 A - +0 acid dragon scales
Jewellery
 b - a ring of positive energy
 i - a +6 ring of dexterity
 m - a ring of see invisible (left hand)
 z - an amulet of regeneration
 G - a +4 ring of slaying
 I - an amulet of magic regeneration (around neck)
 J - a ring of protection from cold
 N - a ring of wizardry (right hand)
Wands
 p - a wand of flame (5)
 F - a wand of mindburst (5)
 H - a wand of charming (20)
Scrolls
 d - 2 scrolls of fog
 e - a scroll of acquirement {unknown}
 g - 2 scrolls of fear {unknown}
 h - 2 scrolls of enchant weapon {unknown}
 j - 2 scrolls of blinking
 k - 2 scrolls of enchant armour
 n - 3 scrolls of amnesia
 y - a scroll of immolation {unknown}
 E - 5 scrolls of identify {unknown}
 O - a scroll of magic mapping
Potions
 f - 2 potions of flight
 l - 4 potions of curing {unknown}
 o - a potion of heal wounds
 q - a potion of magic {unknown}
 v - a potion of attraction {unknown}
 x - a potion of might {unknown}
 C - a potion of berserk rage {unknown}


   Skills:
 + Level 1.1 Fighting
 + Level 3.1(3.2) Short Blades
 + Level 0.7(1.9) Long Blades
 + Level 6.5 Dodging
 + Level 6.7 Stealth
 + Level 2.3 Shields
 + Level 14.1 Spellcasting
 + Level 12.3 Conjurations
 + Level 5.7 Hexes


You had 31 spell levels left.
You knew the following spells:

 Your Spells              Type           Power        Failure   Level
a - Magic Dart            Conj           100%         0%          1
b - Searing Ray           Conj           100%         1%          2
c - Fulminant Prism       Conj/Hex       30%          1%          4

Your spell library contained the following spells:

 Spells                   Type           Power        Failure   Level
 Apportation              Tloc           38%          1%          1
 Blink                    Tloc           N/A          1%          2
 Call Imp                 Summ           19%          1%          2
 Slow                     Hex            50%          1%          2
 Confusing Touch          Hex            50%          1%          3
 Conjure Flame            Conj/Fire      51%          1%          3
 Dazzling Flash           Conj/Hex       100%         1%          3
 Mephitic Cloud           Conj/Pois/Air  41%          1%          3
 Tukima's Dance           Hex            50%          1%          3
 Iskenderun's Mystic Bla  Conj/Tloc      51%          1%          4
 Gell's Gravitas          Tloc           9%           3%          3
 Lesser Beckoning         Tloc           9%           3%          3
 Metabolic Englaciation   Hex/Ice        17%          10%         5
 Yara's Violent Unravell  Hex/Tmut       17%          10%         5
 Petrify                  Tmut/Erth      19%          12%         4
 Invisibility             Hex            50%          16%         6
 Alistair's Intoxication  Tmut/Pois      12%          30%         5


Dungeon Overview and Level Annotations

Branches:
Dungeon (11/15)            Temple (1/1) D:4            Lair (0/6) D:10
    Orc: D:9-12

Altars:
Ashenzari
Cheibriados
Dithmenos
Elyvilon
Fedhas
Gozag
Hepliaklqana
Kikubaaqudgha
Makhleb
Nemelex Xobeh
Okawaru
Qazlal
Ru
Sif Muna
Trog
Uskayaw
Vehumet
Wu Jian
Xom
Yredelemnul
Zin
The Shining One

Shops:
D:5 [   D:7 =   D:8 =   D:9 (


Innate Abilities, Weirdness & Mutations

You are partially covered in large bone plates. (SH +4)
You are partially covered in thin metallic scales. (AC +2)
You have a somewhat thin skeletal structure. (Dex +2, Stealth)
You are weak. (Str -2)


Message History

Aim: a cyan ugly thing (moderately wounded, 17% to evade)
The searing ray hits the cyan ugly thing!
The cyan ugly thing is heavily wounded. (Press . to maintain the ray.)
The cyan ugly thing completely misses you.
The searing ray hits the cyan ugly thing!
The cyan ugly thing is severely wounded.
The cyan ugly thing misses you.
The searing ray hits the cyan ugly thing.
The cyan ugly thing is severely wounded.
The cyan ugly thing stings you! The cyan ugly thing shocks you!
The searing ray hits the cyan ugly thing!
The cyan ugly thing is almost dead.
You finish channeling your searing ray.
A green ugly thing comes into view.
The cyan ugly thing misses you.
Casting: Searing Ray (safe; 1% risk of failure)
Confirm with . or Enter, or press ? or * to list all spells.
Aiming: Fulminant Prism (safe; 1% risk of failure)
Press: ? - help, Dir - move target, f/p - cyan ugly thing
Aim: a cyan ugly thing (almost dead)
You can't place the prism on a creature.
Casting: Fulminant Prism (safe; 1% risk of failure)
Confirm with . or Enter, or press ? or * to list all spells.
Aiming: Searing Ray (safe; 1% risk of failure)
Press: ? - help, Shift-Dir - straight line, f/p - cyan ugly thing
Aim: a cyan ugly thing (almost dead, 17% to evade)
The searing ray hits the cyan ugly thing!
The cyan ugly thing is almost dead. (Press . to maintain the ray.)
The green ugly thing gurgles horribly!
The cyan ugly thing stings you! The cyan ugly thing shocks you!
* * * LOW HITPOINT WARNING * * *
The searing ray hits the cyan ugly thing.
The cyan ugly thing is almost dead.
A jackal comes into view.
The cyan ugly thing stings you.
* * * LOW HITPOINT WARNING * * *
The cyan ugly thing shocks you!
You die...

.#.#.#.#.###.###)##
#.###.###.#.#.#.#.##
.#^#.#.# #.###.###.#
#.#.###.#.#.#.#.#.##
.#.#.# #.# #.# #.##
#.#.#.#.#.#.#.#.#.##
.#†#.#.# #.# #.###.#
# #.#.#.#.#.#.#.#.##
.# #.#.#.# #.###@##
#.# #.#.#.#.#.#u#.##
#.# #.#.#.# #.###.#
# #.# #.#.#.#.#.#.##
.# #. #. #.###*##
#.# #u#.#.#u## #.
#h# #.###.# # #.#
#.#.#.## . #.# #.#
#.##


You could see 2 ugly things and a jackal.

Vanquished Creatures
  A boulder beetle (D:11)
  A hydra (D:11)
  A two-headed ogre (D:9)
  Erica (D:8)
  Urug (D:10)
  Pikel (D:6)
  An ugly thing (D:11)
  A cyclops (D:11)
  2 centaur zombies
  A gargoyle (D:11)
  Maggie (D:7)
  2 trolls (D:10)
  A shadow (D:11)
  A wyvern (D:10)
  3 yaks (D:9)
  Menkaure (D:7)
  2 orc warriors
  A black bear (D:11)
  A hornet zombie (D:10)
  An ice beast (D:11)
  2 sky beasts
  4 ogres
  7 centaurs
  4 lemures (D:6)
  2 phantoms
  A kobold brigand (D:7)
  4 bullfrogs
  A wyvern zombie (D:10)
  A water moccasin zombie (D:7)
  4 scorpions
  5 killer bees
  5 wights
  3 electric eels (D:10)
  4 howler monkeys
  A quasit (D:9)
  A bullfrog skeleton (D:11)
  A bullfrog zombie (D:5)
  5 hounds
  3 orc priests (D:7)
  Crazy Yiuf (D:7)
  Ijyb (D:5)
  5 iguanas
  Terence (D:3)
  6 orc wizards
  8 worker ants
  A killer bee zombie (D:10)
  A hound zombie (D:5)
  A worker ant zombie (D:6)
  8 adders
  8 gnolls
  A shadow imp (D:8)
  3 white imps
  An ufetubus (D:5)
  An ooze (D:5)
  3 adder zombies
  2 adder skeletons
  4 worms (D:2)
  3 dart slugs
  11 leopard geckos
  21 orcs
  3 ball pythons
  9 bats
  5 giant cockroaches
  7 goblins
  6 hobgoblins
  10 jackals
  4 quokkas
  2 frilled lizards
  17 kobolds
  A quokka skeleton (D:7)
  8 rats
246 creatures vanquished.

Vanquished Creatures (others)
  31 fulminant prisms
31 creatures vanquished.

Grand Total: 277 creatures vanquished

Notes
Turn   | Place    | Note
-------+----------+-------------------------------------------
     0 | D:1      | jestyr24 the Deep Elf Conjurer began the quest for the Orb.
     0 | D:1      | Reached XP level 1. HP: 10/10 MP: 6/6
   247 | D:1      | Reached XP level 2. HP: 15/15 MP: 4/8
   585 | D:1      | Reached skill level 5 in Conjurations
   740 | D:1      | Learned a level 2 spell: Searing Ray
   916 | D:1      | Reached XP level 3. HP: 19/19 MP: 4/9
  1504 | D:2      | Found a sacrificial altar of Ru.
  1504 | D:2      | Found a broken altar of Ashenzari.
  1593 | D:2      | Found a hide-covered altar of Uskayaw.
  1855 | D:2      | Reached XP level 4. HP: 24/24 MP: 8/11
  2426 | D:2      | Found an iron altar of Okawaru.
  2667 | D:3      | Reached XP level 5. HP: 28/28 MP: 9/12
  2975 | D:3      | Found a white marble altar of Elyvilon.
  3277 | D:3      | Noticed Terence
  3282 | D:3      | Killed Terence
  3283 | D:3      | Reached skill level 4 in Spellcasting
  3400 | D:3      | Found a stormy altar of Qazlal.
  3575 | D:3      | Learned a level 4 spell: Fulminant Prism
  4452 | D:4      | Reached XP level 6. HP: 23/32 MP: 10/15
  4615 | D:4      | Found a staircase to the Ecumenical Temple.
  5034 | D:4      | Gained mutation: You have a somewhat thin skeletal
                  | structure. (Dex +2, Stealth) [potion of mutation]
  5034 | D:4      | Gained mutation: You are partially covered in large bone
                  | plates. (SH +4) [potion of mutation]
  5034 | D:4      | Gained mutation: You are weak. (Str -2) [potion of
                  | mutation]
  5034 | D:4      | Gained mutation: You are partially covered in thin metallic
                  | scales. (AC +2) [potion of mutation]
  5061 | D:5      | Entered Level 5 of the Dungeon
  5129 | D:5      | Reached skill level 5 in Spellcasting
  5193 | D:5      | Noticed Ijyb
  5201 | D:5      | Killed Ijyb
  5561 | D:5      | Reached skill level 1 in Short Blades
  5701 | D:5      | Reached XP level 7. HP: 36/36 MP: 13/17
  5703 | D:5      | Found Gaownoff's Armour Boutique.
  5987 | D:6      | Reached skill level 6 in Spellcasting
  6230 | D:6      | Reached skill level 7 in Spellcasting
  6391 | D:6      | Reached skill level 5 in Stealth
  6680 | D:6      | Noticed Pikel
  6689 | D:6      | Killed Pikel
  6690 | D:6      | Reached skill level 8 in Spellcasting
  6690 | D:6      | Reached XP level 8. HP: 14/41 MP: 10/22
  7162 | D:6      | Reached skill level 9 in Spellcasting
  7179 | D:6      | Found a burning altar of Makhleb.
  7745 | Temple   | Entered the Ecumenical Temple
  7804 | Temple   | Became a worshipper of Sif Muna the Loreminder
  8010 | D:7      | Noticed Menkaure
  8016 | D:7      | Killed Menkaure
  8107 | D:7      | Noticed Maggie
  8120 | D:7      | Killed Maggie
  8121 | D:7      | Reached skill level 10 in Spellcasting
  8121 | D:7      | Reached XP level 9. HP: 46/46 MP: 2/25
  8502 | D:7      | Reached * piety under Sif Muna
  8518 | D:7      | Found a runed translucent door.
  8519 | D:7      | Noticed Crazy Yiuf
  8524 | D:7      | Killed Crazy Yiuf
  8525 | D:7      | Reached skill level 1 in Shields
  8857 | D:7      | Reached skill level 1 in Hexes
  8964 | D:7      | Found Hacso's Jewellery Emporium.
  9025 | D:7      | Found a radiant altar of Vehumet.
  9053 | D:7      | Reached skill level 11 in Spellcasting
  9384 | D:8      | Noticed Erica
  9390 | D:8      | Killed Erica
  9391 | D:8      | Reached skill level 5 in Dodging
  9391 | D:8      | Reached skill level 10 in Conjurations
  9504 | D:8      | Found Kecvynio's Jewellery Emporium.
 10190 | D:9      | Reached skill level 12 in Spellcasting
 10190 | D:9      | Reached XP level 10. HP: 50/51 MP: 15/28
 10340 | D:9      | Found a blossoming altar of Fedhas.
 10387 | D:9      | Noticed a two-headed ogre
 10395 | D:9      | Killed a two-headed ogre
 10815 | D:9      | Found Guoteog's Weapon Emporium.
 11023 | D:9      | Reached ** piety under Sif Muna
 11151 | D:10     | Entered Level 10 of the Dungeon
 11263 | D:10     | Reached skill level 13 in Spellcasting
 11565 | D:10     | Noticed Urug
 11581 | D:10     | Killed Urug
 12083 | D:10     | Found a staircase to the Lair.
 12302 | D:11     | Noticed a six-headed hydra
 12311 | D:11     | Killed a six-headed hydra
 12312 | D:11     | Reached XP level 11. HP: 55/55 MP: 13/30
 12578 | D:11     | Noticed a boulder beetle
 12602 | D:11     | Killed a boulder beetle
 12603 | D:11     | Reached skill level 1 in Fighting
 12603 | D:11     | Reached skill level 5 in Hexes
 12879 | D:11     | Noticed a cyan ugly thing
 13199 | D:11     | Killed a cyan ugly thing
 13200 | D:11     | Reached skill level 14 in Spellcasting
 13587 | D:11     | Noticed a cyan ugly thing
 13604 | D:11     | Noticed a green ugly thing
 13606 | D:11     | Mangled by a cyan ugly thing

Illustrated notes

Levels and vault maps discovered:
D:1:      saegor_arrival_simple_d, layout_loops_ring
D:2:      layout_loops_ring, eat_drink_and_be_merry_uskayaw,
          okawaru_altar_gauntlet_db, gammafunk_temple_overflow_wave
D:3:      layout_basic, lemuel_crystal_altar, elyvilon_altar_3, uniq_terence
D:4:      layout_loops_corners, minmay_temple_entry_tees,
          minmay_goblin_kobold_house
D:5:      layout_gridville, serial_shops, shop, hangedman_decor_push, uniq_ijyb
D:6:      layout_gridville, lightli_temple_of_fire, uniq_pikel
D:7:      layout_basic, kennysheep_mini_moat, serial_shops, nicolae_shop_trees,
          uniq_menkaure, uniq_crazy_yiuf_cottage, uniq_maggie
D:8:      layout_basic, serial_shops,
          nicolae_shop_temple_entry_statues_fountains, uniq_erica
D:9:      layout_loops_ring, lemuel_round_altar, serial_shops, shop
D:10:     layout_basic, erik_lair_island, uniq_urug
D:11:     minmay_imperfect_grid, layout_basic, evilmike_ruin_ashenzari
Temple:   zaba_magenta_temple

Skill      XL: |  1  2  3  4  5  6  7  8  9 10 11 |
---------------+----------------------------------+-----
Conjurations   | 5 6 8 9 10 11 12 | 12.3
Dodging        | 3 4 5 6 |  6.5
Stealth        | 3 4 5 6 |  6.7
Spellcasting   | 4 5 8 10 12 13 14 | 14.1
Short Blades   | 1 2 3 |  3.1
Shields        | 1 2 |  2.3
Hexes          | 3 4 5 |  5.7
Fighting       | 1 |  1.1
Long Blades    | |  0.7

Action                   |  1- 3 |  4- 6 |  7- 9 | 10-12 || total
-------------------------+-------+-------+-------+-------++-------
Melee: Dagger            |    16 |     1 |       |       ||    17
       Rapier            |       |     5 |     2 |     3 ||    10
       Long sword        |       |       |       |     1 ||     1
 Cast: Magic Dart        |    65 |    53 |    75 |    30 ||   223
       Searing Ray       |     7 |    31 |    60 |    77 ||   175
       Fulminant Prism   |       |       |     7 |    24 ||    31
  Use: Potion            |       |     3 |       |       ||     3
       Scroll            |       |     8 |       |     1 ||     9
 Stab: Sleeping          |       |     1 |       |     1 ||     2
Armor: Robe              |     7 |     2 |     8 |    16 ||    33
Dodge: Dodged            |    28 |    21 |    21 |    45 ||   115
Block: Other             |       |     1 |     6 |    13 ||    20
       Rpst.: Long sword |       |       |       |     9 ||     9

Table legend: (Time is in decaauts)
 A = Elapsed time spent in this place.
 B = Non-inter-level travel time spent in this place.
 C = Inter-level travel time spent in this place.
 D = Time resting spent in this place.
 E = Time spent auto-exploring this place.
 F = Levels seen in this place.
 G = Mean time per level.
                   A        B        C        D        E       F      G
               +--------+--------+--------+--------+--------+-----+--------+
         Total |  13605 |  13107 |    498 |   3407 |   7180 |  12 | 1133.8 |
       Dungeon |  13529 |  13031 |    498 |   3407 |   7126 |  11 | 1229.9 |
        Temple |     76 |     76 |      0 |      0 |     54 |   1 |   76.0 |
               +--------+--------+--------+--------+--------+-----+--------+

Top non-repeatable levels by time:
     D:6: 1740 daAuts
    D:10: 1401 daAuts
     D:7: 1366 daAuts
     D:4: 1342 daAuts
     D:2: 1277 daAuts
     D:1: 1277 daAuts
     D:3: 1264 daAuts
    D:11: 1054 daAuts
     D:5: 990 daAuts
     D:9: 972 daAuts
     D:8: 840 daAuts
  Temple: 76 daAuts
